 Dungeon Crawl Stone Soup version 0.30.0-29-ga12c61a403 (webtiles) character file.

Game seed: 18213703024998805124

206 GeoRichter the Gusty (level 5, -9/28 HPs)
             Began as a Tengu Air Elementalist on June 22, 2023.
             Was an Initiate of Vehumet.
             Mangled by a sleepcap (19 damage)
             ... on level 4 of the Dungeon.
             The game lasted 00:03:56 (3786 turns).

GeoRichter the Gusty (Tengu Air Elementalist)       Turns: 3786, Time: 00:03:57

Health: -9/28      AC:  2    Str:  8    XL:     5   Next: 84%
Magic:  1/10       EV:  2    Int: 18    God:    Vehumet [......]
Gold:   309        SH:  0    Dex: 14    Spells: 3/10 levels left

rFire   . . .        q - +1 short sword (elec)
rCold   . . .        (no shield)
rNeg    . . .        a - +0 robe
rPois   .            (helmet restricted)
rElec   .            (no cloak)
rCorr   .            (no gloves)
SInv    .            (boots unavailable)
Will    .....        (no amulet)
Stlth   ++           (no ring)
HPRegen 0.24/turn    (no ring)
MPRegen 0.12/turn

%: no passive effects
@: sleeping, flying quickly and evasively, very slightly contaminated, quick
A: beak, talons 3, nimble flight
a: Renounce Religion


You were on level 4 of the Dungeon.
You worshipped Vehumet.
Vehumet was noncommittal.
You visited 1 branch of the dungeon, and saw 4 of its levels.

You collected 333 gold pieces.
You spent 24 gold pieces at shops.

Inventory:

Hand Weapons
 q - a +1 short sword of electrocution (weapon)
Armour
 a - a +0 robe (worn)
Jewellery
 g - a +6 ring of intelligence
Scrolls
 e - a scroll of butterflies {unknown}
 f - a scroll of vulnerability
 h - a scroll of magic mapping {unknown}
 i - 2 scrolls of teleportation
 k - 5 scrolls of amnesia
 m - 3 scrolls of enchant weapon
 o - a scroll of enchant armour {unknown}
Potions
 b - a potion of magic
 c - a potion of lignification {unknown}
 j - a potion of invisibility {unknown}
 l - 3 potions of brilliance
 n - a potion of flight {unknown}
 p - 2 potions of might {unknown}


   Skills:
 - Level 2.1 Dodging
 - Level 2.0 Stealth
 + Level 3.2 Spellcasting
 + Level 4.3 Conjurations
 * Level 6.0 Air Magic


You had 3 spell levels left.
You knew the following spells:

 Your Spells              Type           Power      Damage    Failure   Level
a - Shock                 Conj/Air       84%        1d8       1%          1
b - Static Discharge      Conj/Air       42%        2-4/arc   2%          2
c - Airstrike             Air            12%        2d(2-18)  13%         4

Your spell library contained the following spells:

 Spells                   Type           Power      Damage    Failure   Level
 Swiftness                Air            24%        N/A       4%          3
 Poisonous Vapours        Pois/Air       26%        N/A       7%          2
 Sting                    Tmut/Pois      8%         1d3       16%         1
 Olgreb's Toxic Radiance  Pois           2%         N/A       85%         4
 Summon Forest            Summ/Tloc      1%         N/A       99%         5
 Summon Mana Viper        Hex/Summ       2%         N/A       99%         5
 Summon Cactus Giant      Summ           1%         N/A       100%        6


Dungeon Overview and Level Annotations

Branches:
Dungeon (4/15)
 Temple: D:4-7

Altars:
Fedhas
Hepliaklqana
Ru
Vehumet
Zin

Shops:
D:1 [   D:3 ?


Innate Abilities, Weirdness & Mutations

You have a beak for a mouth.
You have claws for feet.
Your magical nature lets you fly swiftly and evasively.


Message History

Vehumet accepts your kill.
You can't see any susceptible monsters within range! (Use Z to cast anyway.)
You can't see any susceptible monsters within range! (Use Z to cast anyway.)
p - 2 orange potions (gained 1)
k - 5 scrolls of amnesia (gained 1)
You now have 309 gold pieces (gained 14).
Found 5 poisoned darts.
A sleepcap comes into view.
Found a scroll of identify.
A sleepcap is nearby!
The zap hits the sleepcap.
The sleepcap is lightly damaged.
The zap hits the sleepcap.
The sleepcap is lightly damaged.
The zap hits the sleepcap.
The sleepcap is moderately damaged.
The zap hits the sleepcap.
The sleepcap is moderately damaged.
You miscast Shock.
You are very lightly contaminated with residual magic.
Nothing appears to happen.
The zap hits the sleepcap.
The sleepcap is heavily damaged.
The zap hits the sleepcap but does no damage.
The sleepcap is heavily damaged.
The sleepcap releases spores at you.
The zap hits the sleepcap.
The sleepcap is heavily damaged.
The sleepcap releases spores at you.
Casting: Shock (safe; 1% risk of failure)
Confirm with . or Enter, or press ? or * to list all spells.
The sleepcap is struck by an arc of lightning.
The sleepcap is severely damaged.
You are struck by an arc of lightning.
The lightning grounds out.
The sleepcap releases spores at you.
You are engulfed in a cloud of soporific spores!
You fall asleep.
The sleepcap releases spores at you!!
Ouch! That really hurt!
You die...

.. #...........### #.
####..........### #.#
##........#.†..
#..####.........####.
#.#......###.######.
. ##.....#### #..#
#... .?.#......#
##.##..## #...#...##
....# ##...f@## ###.#
#....## #.# #...#.
#.# .....#. ..# .###
.. #.# .$ #.# ##.
####.### .. #####
#......#
......#......#


You could see a sleepcap.

Vanquished Creatures
  A scorpion (D:4)
  An orc wizard (D:3)
  Terence (D:3)
  3 adders
  2 worms (D:2)
  2 dart slugs (D:1)
  5 orcs
  4 endoplasms
  4 giant cockroaches
  7 goblins
  6 hobgoblins
  A jackal (D:3)
  3 quokkas
  4 ball pythons
  3 bats
  4 frilled lizards
  3 kobolds
  6 rats
60 creatures vanquished.

Notes
Turn   | Place    | Note
-------+----------+-------------------------------------------
     0 | D:1      | GeoRichter the Tengu Air Elementalist began the quest for
                  | the Orb.
     0 | D:1      | Reached XP level 1. HP: 10/10 MP: 4/4
   371 | D:1      | Reached XP level 2. HP: 15/15 MP: 1/6
   423 | D:1      | Learned a level 2 spell: Static Discharge
   585 | D:1      | Found Kometela's Armour Emporium.
   585 | D:1      | Noticed an animated storm dragon scales
   587 | D:1      | Noticed an animated plate armour
  1137 | D:2      | Reached XP level 3. HP: 18/19 MP: 2/7
  2205 | D:3      | Found a glowing silver altar of Zin.
  2286 | D:3      | Reached XP level 4. HP: 24/24 MP: 5/8
  2329 | D:3      | Learned a level 4 spell: Airstrike
  2502 | D:3      | Found a blossoming altar of Fedhas.
  2646 | D:3      | Noticed Terence
  2665 | D:3      | Killed Terence
  2666 | D:3      | Reached skill level 5 in Air Magic
  2709 | D:3      | Found a radiant altar of Vehumet.
  2721 | D:3      | Became a worshipper of Vehumet
  2776 | D:3      | Found Qyiseah's Magic Scroll Shoppe.
  2781 | D:3      | Bought a scroll of identify for 24 gold pieces
  2790 | D:3      | Found a sacrificial altar of Ru.
  2800 | D:3      | Gained mutation: Your magical nature lets you fly swiftly
                  | and evasively. [Tengu growth]
  2800 | D:3      | Reached XP level 5. HP: 26/28 MP: 2/10
  3559 | D:4      | Found a hazy altar of Hepliaklqana.
  3640 | D:4      | Reached skill level 6 in Air Magic
  3786 | D:4      | Mangled by a sleepcap

Illustrated notes

Levels and vault maps discovered:
D:1:      lightli_arrival_noodles, layout_basic, serial_shops,
          nicolae_shop_mannequins
D:2:      minmay_angry_zag, layout_basic
D:3:      layout_basic, fedhas_ov_isle_minmay, mainiacjoe_overflow_alcove_2,
          amcnicky_altar_gilded, nicolae_ru_great_annihilating_truth,
          serial_shops, shop, kennysheep_generic_room_5, uniq_terence
D:4:      layout_rooms, mainiacjoe_overflow_catwalk, minmay_temple_entry_tees,
          nicolae_shop_firing_range

Skill      XL: |  1  2  3  4  5 |
---------------+----------------+-----
Conjurations   | 2 3 4 |  4.3
Air Magic      | 5 6 |  6.0
Spellcasting   | 3 |  3.2
Dodging        | |  2.1
Stealth        | |  2.0

Action                     |  1- 3 |  4- 6 || total
---------------------------+-------+-------++-------
  Melee: Dagger            |     9 |       ||     9
         Kick              |     2 |       ||     2
         Peck              |     1 |       ||     1
   Cast: Shock             |    69 |    68 ||   137
         Static Discharge  |       |     5 ||     5
    Use: Scroll            |       |     5 ||     5
  Dodge: Dodged            |     7 |     8 ||    15
